 Dungeon Crawl Stone Soup version 0.31-a0-237-g2d982f9f85 (webtiles) character file.

Game seed: 8856346898941960055

27 qw the Shooter (level 2, -1/24 HPs)
             Began as a Minotaur Hexslinger on July 11, 2023.
             Succumbed to an adder's poison
             ... on level 2 of the Dungeon.
             The game lasted 00:00:24 (1122 turns).

qw the Shooter (Minotaur Hexslinger)                Turns: 1122, Time: 00:00:25

Health: -1/24      AC:  5    Str: 12    XL:     2   Next: 93%
Magic:  2/2        EV: 10    Int: 10    God:
Gold:   60         SH:  0    Dex: 12    Spells: 2/3 levels left

rFire   . . .        Y - +1 sling
rCold   . . .        (no shield)
rNeg    . . .        g - +0 ring mail
rPois   .            (helmet restricted)
rElec   .            (no cloak)
rCorr   .            (no gloves)
SInv    .            (no boots)
Will    ++...        (no amulet)
Stlth   +            d - ring of willpower
HPRegen 0.24/turn    f - ring of willpower
MPRegen 0.08/turn

%: no passive effects
@: lethally poisoned (-1 -> -10)
A: horns 2, retaliatory headbutt
a: no special abilities


You were on level 2 of the Dungeon.
You visited 1 branch of the dungeon, and saw 2 of its levels.

You collected 60 gold pieces.


Innate Abilities, Weirdness & Mutations

You have a pair of horns on your head.
You reflexively headbutt those who attack you in melee.


   Skills:
 - Level 2.0 Fighting
 + Level 3.5 Ranged Weapons
 - Level 2.1 Dodging
 - Level 1.0 Spellcasting
 - Level 2.0 Hexes


You had 2 spell levels left.
You knew the following spells:

 Your Spells              Type           Power      Damage    Failure   Level
a - Slow                  Hex            16%        N/A       34%         1

Your spell library contained the following spells:

 Spells                   Type           Power      Damage    Failure   Level
 Inner Flame              Hex/Fire       2%         N/A       83%         3
 Portal Projectile        Hex/Tloc       4%         N/A       83%         3
 Cause Fear               Hex            2%         N/A       98%         4

Inventory:

Hand Weapons
 Y - a +1 sling (weapon)
Armour
 g - a +0 ring mail (worn)
Jewellery
 d - a ring of willpower (left hand)
 f - a ring of willpower (right hand)
Potions
 a - 2 potions of curing {unknown}
 b - a potion of enlightenment {unknown}

Dungeon Overview and Level Annotations

Branches:
Dungeon (2/15)

Altars:


Message History

You feel sick. The adder bites you but does no damage.
You shoot a sling bullet. The sling bullet misses the adder.
You feel sick. The adder bites you. The adder bites you but does no damage.
You shoot a sling bullet.
The sling bullet barely misses the adder.
You feel sick.
You are no longer poisoned.
The adder bites you. The adder bites you but does no damage.
You shoot a sling bullet.
The sling bullet closely misses the adder.
The adder bites you. x2
You shoot a sling bullet. The sling bullet misses the adder.
The adder bites you but does no damage. The rat barely misses you.
You furiously retaliate!
You headbutt the rat.
You kill the rat!
You shoot a sling bullet.
The sling bullet closely misses the adder.
The adder closely misses you. The adder bites you but does no damage.
You shoot a sling bullet. The sling bullet hits the adder.
The adder is severely wounded.
The adder bites you.
You are poisoned.
The adder poisons you! The adder bites you but does no damage.
You shoot a sling bullet. The sling bullet hits the adder.
The adder is almost dead.
You feel sick. The adder closely misses you. The adder barely misses you.
You shoot a sling bullet.
The sling bullet barely misses the adder.
You feel sick. The adder bites you.
You are lethally poisoned!
The adder poisons you!
You shoot a sling bullet.
The sling bullet closely misses the adder.
You feel very sick. The adder bites you.
You are more poisoned.
The adder poisons you! The adder barely misses you.
You shoot a sling bullet.
The sling bullet barely misses the adder.
You die...

......
#.#### #. .#
# .# .# ..
.# .# .#
.##.###
##.....
##.#S%#
#...@.#
#.###.## ##
#.#.####.###
.##
...........#
#.#
#..#####.#.#
#.# #.#.#
#.#
######.#.#
.##
#.....<).#
##
#.####.###


You could see an adder.

Vanquished Creatures
  2 endoplasms (D:2)
  A giant cockroach (D:1)
  5 hobgoblins
  3 jackals (D:1)
  A ball python (D:2)
  4 bats
  2 frilled lizards
  2 goblins
  2 kobolds (D:2)
  3 rats (D:2)
25 creatures vanquished.

Notes
Turn   | Place    | Note
-------+----------+-------------------------------------------
     0 | D:1      | qw the Minotaur Hexslinger began the quest for the Orb.
     0 | D:1      | Reached XP level 1. HP: 16/16 MP: 1/1
     0 | D:1      | 0 ||| qw: Version: 0.3-a-52-g30416fa
     0 | D:1      | 0 ||| qw: Game counter: 5827
     0 | D:1      | 0 ||| qw: Melee chars always use a shield: true
     0 | D:1      | 0 ||| qw: God list: Okawaru
     0 | D:1      | 0 ||| qw: Allow faded altars: false
     0 | D:1      | 0 ||| qw: Do Orc after clearing Dungeon:15 true
     0 | D:1      | 0 ||| qw: Do second Lair branch before Depths: true
     0 | D:1      | 0 ||| qw: Lair rune preference: random
     0 | D:1      | 0 ||| qw: Goals: Normal
     0 | D:1      | 0 ||| PLANNING D:1-11
   326 | D:1      | Reached skill level 3 in Ranged Weapons
   326 | D:1      | Reached XP level 2. HP: 14/23 MP: 2/2
   725 | D:1      | 725 ||| UPGRADING to +0 ring mail.
   735 | D:1      | 735 ||| DROPPING +0 robe.
   736 | D:1      | 736 ||| UPGRADING to ring of willpower.
   737 | D:1      | 737 ||| UPGRADING to ring of willpower.
   738 | D:1      | 738 ||| READING scroll labelled YPUOLIO JIPN.
   743 | D:1      | 743 ||| DROPPING scroll of poison.
  1120 | D:2      | HP: 6/24 [adder (1)]
  1121 | D:2      | HP: 1/24 [adder (2)]
  1122 | D:2      | Succumbed to an adder's poison

Levels and vault maps discovered:
D:1:      lemuel_arrival_behind_the_door_small, layout_loops_corners
D:2:      layout_loops_ring, serial_glass, glass_columns_b, glass_columns_c,
          minmay_heptomino_l4

Skill      XL: |  1  2 |
---------------+-------+-----
Ranged Weapons | 3 |  3.5
Fighting       | 2 |  2.0
Dodging        | |  2.1
Spellcasting   | |  1.0
Hexes          | |  2.0

Action                     || total
---------------------------++-------
   Fire: Sling             ||   104
    Use: Scroll            ||     1
 Armour: Robe              ||     3
         Ring mail         ||    30
  Dodge: Dodged            ||    40

Table legend:
 A = Non-vault XP
 B = Vault XP
 C = Vault XP percentage of total XP
 D = Non-vault monster count
 E = Vault monster count
 F = Vault count percentage of total count
                 A         B        C        D         E       F
            +---------+---------+-------+---------+---------+-------
      Total |      37 |       2 |   5.1 |      23 |       2 |   8.0
            +---------+---------+-------+---------+---------+-------
        D:1 |      14 |       0 |   0.0 |       9 |       0 |   0.0
        D:2 |      23 |       2 |   8.0 |      14 |       2 |  12.5
            +---------+---------+-------+---------+---------+-------
